Map: Romanticide LE

Players

SirGanks - Winner!

  • Race: Terran Terran
  • Spawn Location: 5:00

VOD

Have the link to the VOD?

Description

Time

  • Played on: March 18, 2021, 10:26 a.m.
  • Length: 25:59
Show
View Real Time Build Order
Export as new Build Order

SirGanks Terran - Winner!

Build Orders:  

Get SALT Encoding   

  12  0:01  SCV  
  13  0:18  SCV  
  14  0:32  Supply Depot  
  14  0:35  SCV  
  15  1:02  SCV  
  15  1:06  Barracks  
  16  1:19  SCV  
  17  1:37  SCV  
  18  1:42  Refinery  
  18  1:56  SCV  
  19  2:12  Marine  
  19  2:13  Supply Depot  
  19  2:16  SCV  
  21  2:42  Refinery, Marine  
  22  2:54  SCV  
  23  3:08  Barracks  
  23  3:11  SCV  
  23  3:15  Marine  
  25  3:28  SCV  
  26  3:40  Marine  
  26  3:49  SCV  
  28  4:06  SCV  
  29  4:14  Marine  
  29  4:15  Marine  
  31  4:34  Barracks  
  31  4:51  Supply Depot  
  31  4:54  Supply Depot  
  31  5:13  Orbital Command  
  31  5:28  Supply Depot  
  31  5:48  Barracks Tech Lab  
  31  5:49  Barracks Tech Lab  
  31  5:50  Barracks Tech Lab  
  31  6:09  SCV  
  32  6:20  Unknown  
  32  6:39  Bunker  
  32  6:42  Engineering Bay  
  32  6:45  Marauder  
  32  6:46  Marauder x2  
  38  6:51  Engineering Bay  
  38  7:07  Supply Depot  
  38  7:22  Marauder x3  
  44  7:35  Terran Infantry Armor Level 1, Terran Infantry Weapons Level 1  
  44  7:40  Stimpack, Supply Depot  
  44  7:58  Barracks x2  
  44  8:04  Marauder  
  44  8:09  Barracks  
  46  8:11  Supply Depot  
  46  8:33  Concussive Shells  
  46  8:39  Marauder  
  48  8:40  Marauder x2  
  48  8:43  Supply Depot  
  52  9:16  Supply Depot  
  52  9:26  Barracks Reactor x2  
  52  9:28  Barracks Reactor  
  52  9:49  Supply Depot  
  52  9:59  Factory  
  52  10:14  Marauder x2  
  52  10:15  Marauder  
  58  10:20  Supply Depot  
  58  10:22  Marine  
  58  10:23  Marine x2  
  58  10:24  Marine  
  58  10:25  Marine  
  58  10:26  Marine  
  64  10:52  Supply Depot  
  64  11:24  Supply Depot  
  64  11:47  Marauder  
  64  11:48  Marauder x2  
  70  11:57  Supply Depot  
  70  12:05  Armory  
  70  12:29  Supply Depot  
  70  13:01  Supply Depot  
  70  13:07  Command Center  
  70  13:19  SCV  
  71  13:24  Refinery, Marine x2  
  71  13:25  Marine  
  71  13:26  Marine  
  75  13:33  Supply Depot  
  75  13:57  Refinery  
  75  14:19  Supply Depot  
  75  14:54  Supply Depot  
  75  15:05  SCV  
  75  15:06  SCV  
  77  15:11  Terran Infantry Armor Level 2  
  77  15:35  Marauder  
  77  15:36  Marauder x2  
  77  15:37  Marine x2  
  77  15:38  Marine x3  
  77  15:39  Marine  
  89  15:41  Terran Infantry Weapons Level 2  
  89  15:48  Bunker  
  89  15:57  Bunker  
  89  17:13  SCV x2  
  91  17:34  SCV x2  
  91  17:37  Marauder x2  
  91  17:38  Marauder, Marine  
  91  17:39  Marine x2  
  102  17:40  Marine x3  
  103  17:59  Unknown  
  103  18:16  SCV  
  103  18:17  SCV  
  105  18:28  Marauder x2  
  105  18:29  Marauder  
  111  18:30  Marine x2  
  111  18:31  Marine x3  
  111  18:32  Marine  
  117  19:01  SCV  
  117  19:02  SCV  
  119  19:23  Missile Turret  
  119  19:29  Missile Turret  
  119  19:57  Starport  
  119  20:13  Starport  
  119  20:18  Starport  
  119  20:29  Marauder x3  
  125  20:30  Marine x2  
  125  20:31  Marine x2  
  125  20:32  Marine x2  
  131  21:10  Starport Reactor x2  
  131  21:11  Starport Reactor  
  131  21:17  Unknown  
  131  21:19  Marauder  
  133  21:20  Marauder x2  
  133  21:21  Marine x2  
  133  21:22  Marine x3  
  133  21:23  Marine  
  143  21:38  Unknown  
  143  22:10  Medivac x3  
  143  22:11  Medivac x3  
  143  22:18  Marauder x3  
  143  22:19  Marine x2  
  163  22:20  Marine x4  
  167  23:21  Unknown  
Tags
 
Matchup
Co-op
Replay Pack
AI
Add a new tag
Caveats
  • Supply blocks, unpowered buildings, or Contaminate may cause inaccurate times.
  • Supply counts are checked every 10 seconds.